 Dungeon Crawl Stone Soup version 0.27.1-2-g3b301248ec (webtiles) character file.

Game seed: 13269524178058477594

175911 Kinoniko the Severer (level 17, -15/147 HPs)
             Began as a Demonspawn Berserker on Sept 29, 2021.
             Was the Champion of Trog.
             Demolished by Kinoniko's illusion (illusionary) (27 damage)
             ... woven by Mara
             ... on level 3 of the Swamp.
             The game lasted 00:41:11 (38254 turns).

Kinoniko the Severer (Demonspawn Berserker)        Turns: 38254, Time: 00:41:12

Health: -15/147    AC: 38    Str: 22    XL:     17   Next: 49%
Magic:  17/17      EV: 18    Int: 15    God:    Trog [******]
Gold:   3110       SH:  0    Dex: 20    Spells: 16/16 levels left

rFire    . . .     SeeInvis +   U - +6 battleaxe of Tortfeasance {flame, rCorr Int+3}
rCold    + . .     Faith    .   (shield currently unavailable)
rNeg     . . .     Spirit   .   K - +7 chain mail {rC+}
rPois    +         Reflect  .   (no helmet)
rElec    .         Harm     .   V - +2 cloak {rPois}
rCorr    +         Rampage  .   t - +2 pair of gloves
Will     +++..                  s - +2 pair of boots
Stlth    ..........             i - amulet "Geivedgh" {Acrobat Will+ Slay+6}
HPRegen  0.34/turn              D - +4 ring of evasion
MPRegen  0.15/turn              b - ring "Hebehu" {*Slow Will+ rCorr Dex+8 SInv}

@: sanguine armoured, on berserk cooldown, slowed, very slow
A: claws 2, demonic guardian 3, spiny 2, sanguine armour 2
a: Renounce Religion, Berserk, Trog's Hand, Brothers in Arms


You were on level 3 of the Swamp.
You worshipped Trog.
Trog was exalted by your worship.
You visited 5 branches of the dungeon, and saw 28 of its levels.
You also visited: Sewer and Ice Cave.

You collected 4077 gold pieces.
You spent 967 gold pieces at shops.

Inventory:

Hand Weapons
 f - a +6 broad axe of electrocution
 w - the +9 heavy crossbow "Sniper" {vorpal, Acc+∞ SInv}
   (You acquired it on level 2 of the Swamp)

   Any ammunition fired from it inflicts extra damage upon your enemies.
   Any ammunition fired from it never misses its target.
   SInv:      It lets you see invisible.
 N - a +4 vorpal executioner's axe
 U - the +6 battleaxe of Tortfeasance (weapon) {flame, rCorr Int+3}
   (You acquired it on level 11 of the Dungeon)

   It burns those it strikes, dealing additional fire damage.
   Big, fiery blades are also staple armaments of hydra-hunters.
   Int:       It affects your intelligence (+3).
   rCorr:     It protects you from acid and corrosion.
Missiles
 y - 7 throwing nets (quivered)
Armour
 e - a scarf of resistance
 s - a +2 pair of boots (worn)
 t - a +2 pair of gloves (worn)
 K - a +7 chain mail of cold resistance (worn)
 V - a +2 cloak of poison resistance (worn)
Jewellery
 b - the ring "Hebehu" (right hand) {*Slow Will+ rCorr Dex+8 SInv}
   (You found it on level 1 of the Snake Pit)

   [ring of willpower]

   Dex:       It affects your dexterity (+8).
   SInv:      It lets you see invisible.
   rCorr:     It protects you from acid and corrosion.
   *Slow:     It may slow you when you take damage.
   Will:      It increases your willpower.
 d - a ring of positive energy
 i - the amulet "Geivedgh" (around neck) {Acrobat Will+ Slay+6}
   (You found it in a sewer)

   [amulet of the acrobat]

   It increases your evasion while moving and waiting.
   Slay:      It affects your accuracy & damage with ranged weapons and melee
   (+6).
   Will:      It increases your willpower.
 k - a ring of protection from cold
 q - a +4 ring of protection
 u - a +4 ring of evasion
 C - a ring of protection from fire
 D - a +4 ring of evasion (left hand)
 L - an amulet of regeneration
 P - an amulet of faith
 Q - a ring of protection from cold
 X - a ring of see invisible
Wands
 h - a wand of acid (40)
 o - a wand of flame (110)
 v - a wand of paralysis (38)
 z - a wand of iceblast (40)
 E - a wand of digging (27)
 G - a wand of charming (15)
 I - a wand of polymorph (14)
 O - a wand of mindburst (57)
Scrolls
 a - 4 scrolls of silence
 g - a scroll of torment
 l - 5 scrolls of fear
 m - 8 scrolls of teleportation
 n - a scroll of summoning
 p - 2 scrolls of identify
 R - 2 scrolls of fog
 Y - 3 scrolls of magic mapping
 Z - 3 scrolls of blinking
Potions
 c - 4 potions of magic
 j - 6 potions of brilliance
 r - 4 potions of haste
 x - 7 potions of heal wounds
 A - a potion of invisibility
 B - 2 potions of curing
 F - 2 potions of lignification
 H - a potion of resistance
 J - a potion of ambrosia
 M - 2 potions of mutation
 S - a potion of berserk rage {unknown}
 T - 2 potions of flight
 W - a potion of cancellation {unknown}


   Skills:
 - Level 17.0 Fighting
 + Level 20.5 Axes
 * Level 10.3 Armour
 * Level 10.3 Dodging


You had 16 spell levels left.
You didn't know any spells.
Your spell library contained the following spells:

 Spells                   Type           Power      Damage    Failure   Level
 Ozocubu's Armour         Ice            0%         N/A       99%         3
 Petrify                  Tmut/Erth      0%         N/A       100%        4
 Summon Ice Beast         Ice/Summ       0%         N/A       100%        4
 Freezing Cloud           Conj/Ice/Air   0%         6-21      100%        5
 Metabolic Englaciation   Hex/Ice        0%         N/A       100%        5
 Statue Form              Tmut/Erth      0%         N/A       100%        6
 Ozocubu's Refrigeration  Ice            0%         4d5       100%        7
 Fire Storm               Conj/Fire      0%         5d1       100%        9


Dungeon Overview and Level Annotations

Branches:
Dungeon (14/15)            Temple (0/1) D:7            Lair (6/6) D:9
  Swamp (3/4) Lair:4        Snake (3/4) Lair:4        Slime (0/5) Lair:6
    Orc (2/2) D:9             Elf (0/3) Orc:2        Vaults (0/5) D:14
  Sewer (visited)           IceCv (visited)

Altars:
Cheibriados
Dithmenos
Fedhas
Gozag
Hepliaklqana
Kikubaaqudgha
Okawaru
Trog
Uskayaw
Wu Jian
Xom
Zin
Beogh

Shops:
D:11 ?   D:12 (!   Orc:2 *?:*

Annotations:
Swamp:3 Mara


Innate Abilities, Weirdness & Mutations

You have very sharp fingernails.
A powerful demonic guardian rushes to your aid.
You are mostly covered in sharp spines.
When seriously injured, your bleeding wounds create thick armour. (AC +9)


Message History

Unknown command.
Your unstable footing causes you to fumble your attack.
Kinoniko's illusion completely misses you.
Unknown command.
You hit Kinoniko's illusion. You burn Kinoniko's illusion.
Kinoniko's illusion is moderately wounded.
You slice Mara!!
Mara blinks!
Mara splashes around in the water.
Unknown command.
You slice Kinoniko's illusion!! You burn Kinoniko's illusion!
Kinoniko's illusion is severely wounded.
Kinoniko's illusion hits you!! Kinoniko's illusion burns you.
Unknown command.
Mara splashes around in the water.
Mara blinks!
Unknown command.
You completely miss Kinoniko's illusion.
Kinoniko's illusion is severely wounded.
Kinoniko's illusion misses you.
Unknown command.
You slice Kinoniko's illusion!! You burn Kinoniko's illusion!
Kinoniko's illusion is almost dead.
You are no longer berserk.
You are exhausted.
You feel yourself slow down.
Mara hits you from afar with a +0 demon trident of electrocution.
* * * LOW HITPOINT WARNING * * *
You miss Kinoniko's illusion.
Kinoniko's illusion is almost dead.
Kinoniko's illusion barely misses you. Mara misses you.
Mara blinks!
Unknown command.
You completely miss Kinoniko's illusion.
Kinoniko's illusion is almost dead.
Kinoniko's illusion is struck by your spines.
Kinoniko's illusion hits you!!
* * * LOW HITPOINT WARNING * * *
A demonic guardian appears!
Kinoniko's illusion burns you.
* * * LOW HITPOINT WARNING * * *
Mara blinks!
Kinoniko's illusion is struck by your spines.
Kinoniko's illusion hits you!!
You die...

♣♣♣♣≈..≈≈≈
.≈♣≈.≈≈≈
....≈≈≈ ≈≈.≈≈
≈.≈. ≈.♣♣♣
♣≈≈≈♣ ♣2@§♣♣
♣@≈≈≈♣ ♣.≈≈.♣♣
♣<≈≈≈.♣
♣≈≈...R≈≈≈≈≈♣
♣>$..≈≈≈≈≈≈.?..
≈≈≈≈≈.≈§≈≈≈R.≈≈
≈≈≈.≈.≈≈≈≈≈≈≈§.
≈≈≈≈..≈≈≈≈≈≈$.≈
♣≈..≈≈......≈♣♣


You could see 2 Maras, Kinoniko's illusion (ally target) and a friendly balrug
(summoned).

Vanquished Creatures
  Vashnia (Snake:3)
  Frances (Swamp:1)
  Agnes (D:14)
  Kirke (D:13)
  A nagaraja (Snake:2)
  A thorn hunter (Swamp:1)
  2 orc warlords
  Nessos (D:14)
  A bunyip (Swamp:2)
  A dire elephant (Lair:4)
  The ghost of Gutyqen the Carver, a journeyman TeMo of the Shining One (Lair:6)
  2 eleionomae (Swamp:1)
  The ghost of chujev the Basher, a journeyman TrBe of Trog (D:9)
  The ghost of bignoob the Destroyer, a journeyman DrCj of Vehumet (Snake:1)
  Josephine (Swamp:1)
  2 naga warriors
  14 hydras
  The ghost of Alannah the Blocker, a journeyman DsFi of Okawaru (D:11)
  7 boulder beetles
  Harold (D:7)
  A catoblepas (Lair:4)
  11 two-headed ogres
  6 anacondas
  A centaur warrior (D:14)
  8 alligators
  Urug (D:11)
  5 death yaks (IceCv)
  7 shock serpents
  A dancing weapon (Lair:6)
  4 orc high priests
  10 naga sharpshooters
  5 skeletal warriors (D:11)
  3 goliath frogs
  2 swamp dragons
  2 naga ritualists
  2 bog bodies (Swamp:1)
  9 orc knights
  6 orc sorcerers
  8 ugly things (D:13)
  4 mana vipers
  A manticore (D:14)
  2 centaur zombies
  3 salamanders
  Maurice (D:13)
  4 cyclopes
  14 elephants
  A spectral shock serpent (Snake:1)
  An ice statue (IceCv)
  2 guardian serpents (Snake:2)
  16 black mambas
  7 naga magi
  3 torpor snails
  22 cane toads
  A gargoyle (D:8)
  An efreet (D:13)
  An unseen horror (D:13)
  Psyche (D:11)
  2 kobold demonologists
  A yaktaur (D:12)
  12 komodo dragons
  3 rime drakes
  A freezing wraith (D:12)
  2 hornets (D:9)
  17 polar bears
  3 meliai (D:13)
  7 trolls
  14 slime creatures
  Grinder (D:6)
  8 tyrant leeches
  23 blink frogs
  A spectral black mamba (Snake:1)
  8 wraiths
  6 wyverns
  A shadow (D:11)
  31 yaks
  3 basilisks (Lair:3)
  A shock serpent simulacrum (Snake:1)
  3 vampires
  12 humans
  4 hogs (D:13)
  5 steam dragons
  20 vampire mosquitoes
  Menkaure (D:4)
  9 swamp worms
  A warg (shapeshifter) (D:13)
  2 wargs
  20 nagas
  3 acid dragons
  19 water moccasins
  A guardian serpent simulacrum (Snake:1)
  3 sky beasts (D:10)
  61 orc warriors
  An ice beast (D:6)
  3 swamp drakes (Swamp:2)
  3 black bears
  4 necrophages
  13 ogres
  29 wolves
  11 centaurs
  5 kobold brigands
  18 bullfrogs
  3 scorpions
  A wyvern zombie (D:5)
  2 water moccasin zombies (D:5)
  2 wyvern skeletons (D:7)
  7 killer bees (D:9)
  A spectral naga (Snake:1)
  7 howler monkeys
  8 wights
  6 electric eels (Lair:4)
  A salamander simulacrum (Snake:1)
  39 orc priests
  5 jellies
  Crazy Yiuf (D:2)
  A centaur skeleton (D:6)
  3 hounds
  2 gnoll shamans
  6 iguanas
  24 orc wizards
  A naga simulacrum (Snake:1)
  8 gnolls
  7 adders
  12 white imps (Lair:2)
  An ufetubus (D:5)
  A worm (D:3)
  3 dart slugs (D:1)
  111 orcs
  5 bats
  9 endoplasms
  11 giant cockroaches
  8 goblins
  6 hobgoblins
  4 jackals (D:1)
  5 quokkas
  3 ball pythons
  5 frilled lizards
  29 kobolds
  A quokka skeleton (D:4)
  2 rats (D:3)
966 creatures vanquished.

Vanquished Creatures (collateral kills)
  Aizul (Swamp:1)
  A frost giant (IceCv)
  Fannar (D:11)
  A hydra (Lair:3)
  An orc high priest (Orc:2)
  Sonja (Lair:5)
  A goliath frog (Swamp:1)
  A spectral anaconda (Snake:1)
  An ugly thing (D:14)
  4 elephants (Lair:3)
  A kobold demonologist (D:12)
  2 trolls
  A hornet (Swamp:1)
  A spectral guardian serpent (Snake:1)
  2 blink frogs
  2 slime creatures (D:12)
  A shadow (D:12)
  A vampire (D:12)
  A spriggan (Swamp:1)
  2 yaks
  4 humans
  An acid dragon (D:12)
  An ice beast (D:7)
  An orc warrior (Orc:2)
  A black bear (Lair:4)
  A wolf (Lair:3)
  A centaur (D:11)
  2 kobold brigands (D:12)
  A naga simulacrum (Snake:1)
  2 orc priests (Orc:2)
  2 orcs
  3 kobolds (D:12)
47 creatures vanquished.

Vanquished Creatures (others)
  A goliath frog (Swamp:2)
  3 bloated husks
  2 orc wizards
  66 fungi
  162 plants
  11 toadstools (Lair:4)
245 creatures vanquished.

Grand Total: 1258 creatures vanquished

Notes
Turn   | Place    | Note
-------+----------+-------------------------------------------
     0 | D:1      | Kinoniko the Demonspawn Berserker began the quest for the
                  | Orb.
     0 | D:1      | Reached XP level 1. HP: 18/18 MP: 1/1
   144 | D:1      | Reached skill level 3 in Axes
   351 | D:1      | Gained mutation: When seriously injured, your bleeding
                  | wounds create armour. (AC +9) [demonic ancestry]
   351 | D:1      | Reached XP level 2. HP: 24/24 MP: 2/2
  1050 | D:1      | Reached XP level 3. HP: 19/29 MP: 3/3
  1215 | D:1      | Reached skill level 4 in Axes
  1642 | D:2      | Found a faded altar of an unknown god.
  1850 | D:2      | Reached ** piety under Trog
  2026 | D:2      | Found a runed translucent door.
  2027 | D:2      | Noticed Crazy Yiuf
  2162 | D:2      | Killed Crazy Yiuf
  2163 | D:2      | Gained mutation: A weak demonic guardian rushes to your
                  | aid. [demonic ancestry]
  2163 | D:2      | Reached XP level 4. HP: 35/35 MP: 4/4
  2483 | D:3      | Found a glowing drain.
  2500 | Sewer    | Entered a sewer
  2654 | Sewer    | Reached skill level 5 in Axes
  2916 | Sewer    | Gained mutation: You are partially covered in sharp spines.
                  | [demonic ancestry]
  2916 | Sewer    | Reached XP level 5. HP: 36/41 MP: 5/5
  3230 | Sewer    | Reached skill level 6 in Axes
  3230 | Sewer    | Gained mutation: A demonic guardian rushes to your aid.
                  | [demonic ancestry]
  3230 | Sewer    | Reached XP level 6. HP: 43/47 MP: 6/6
  3282 | Sewer    | Identified the amulet "Geivedgh" {Acrobat Will+ Slay+6}
  4307 | D:4      | Reached skill level 7 in Axes
  4453 | D:4      | Reached *** piety under Trog
  4588 | D:4      | Gained mutation: You are mostly covered in sharp spines.
                  | [demonic ancestry]
  4588 | D:4      | Reached XP level 7. HP: 52/52 MP: 7/7
  5009 | D:4      | Noticed Menkaure
  5014 | D:4      | Killed Menkaure
  5015 | D:4      | Reached skill level 8 in Axes
  5417 | D:5      | Entered Level 5 of the Dungeon
  5417 | D:5      | Noticed a two-headed ogre
  5426 | D:5      | Killed a two-headed ogre
  5427 | D:5      | Reached skill level 10 in Axes
  5427 | D:5      | Gained mutation: When seriously injured, your bleeding
                  | wounds create thick armour. (AC +9) [demonic ancestry]
  5427 | D:5      | Reached XP level 8. HP: 43/58 MP: 8/8
  5901 | D:5      | Reached skill level 11 in Axes
  5901 | D:5      | Reached XP level 9. HP: 46/63 MP: 9/9
  6885 | D:6      | Noticed Grinder
  6898 | D:6      | Killed Grinder
  7067 | D:6      | Found a shadowy altar of Dithmenos.
  7190 | D:7      | Reached skill level 12 in Axes
  7387 | D:7      | Found an iron altar of Okawaru.
  7478 | D:7      | Reached **** piety under Trog
  7555 | D:7      | Noticed Harold
  7562 | D:7      | Reached skill level 13 in Axes
  7569 | D:7      | Reached XP level 10. HP: 61/70 MP: 10/10
  7579 | D:7      | Killed Harold
  7905 | D:7      | Found a staircase to the Ecumenical Temple.
  7913 | D:7      | Found an ornate altar of the Wu Jian Council.
  8125 | D:7      | Found a bloodstained altar of Trog.
  8125 | D:7      | Found a hide-covered altar of Uskayaw.
  8125 | D:7      | Found a blossoming altar of Fedhas.
  8125 | D:7      | Found a snail-covered altar of Cheibriados.
  8126 | D:7      | Found a hazy altar of Hepliaklqana.
  8129 | D:7      | Found an ancient bone altar of Kikubaaqudgha.
  8236 | D:8      | Noticed a gargoyle
  8242 | D:8      | Killed a gargoyle
  8449 | D:8      | Reached skill level 14 in Axes
  8594 | D:8      | Identified a scroll of acquirement
  8594 | D:8      | Acquired a +5 broad axe of electrocution
  9741 | D:9      | Found a staircase to the Lair.
  9926 | D:9      | Reached XP level 11. HP: 65/75 MP: 11/11
 10056 | D:9      | Found a staircase to the Orcish Mines.
 10060 | D:9      | Reached ***** piety under Trog
 10090 | D:9      | Received a gift from Trog
 10534 | D:9      | Found an opulent altar of Gozag.
 10595 | D:9      | Found a large runed translucent door.
 10595 | D:9      | Found a large runed translucent door.
 10595 | D:9      | Noticed chujev's ghost (journeyman TrBe)
 10843 | Lair:1   | Entered Level 1 of the Lair of Beasts
 11215 | Lair:1   | Noticed a four-headed hydra
 11223 | Lair:1   | Killed a nine-headed hydra
 11224 | Lair:1   | Reached skill level 15 in Axes
 11415 | Lair:1   | Noticed a seven-headed hydra
 11421 | Lair:1   | Killed a ten-headed hydra
 11831 | Lair:2   | Reached skill level 5 in Armour
 11831 | Lair:2   | Reached skill level 5 in Dodging
 12154 | Lair:2   | Found a frozen archway.
 12159 | Lair:2   | Noticed a seven-headed hydra
 12174 | Lair:2   | Killed an 11-headed hydra
 12203 | IceCv    | Entered an ice cave
 12214 | IceCv    | Reached XP level 12. HP: 80/81 MP: 12/12
 12255 | IceCv    | Received a gift from Trog
 13295 | IceCv    | Reached skill level 16 in Axes
 13819 | IceCv    | Noticed a death yak
 13819 | IceCv    | Noticed a frost giant
 13819 | IceCv    | Noticed a death yak
 13856 | IceCv    | Killed a frost giant
 14248 | IceCv    | Killed a death yak
 14251 | IceCv    | Killed a death yak
 14413 | IceCv    | Noticed a death yak
 14413 | IceCv    | Noticed a death yak
 14413 | IceCv    | Noticed a death yak
 14421 | IceCv    | Killed a death yak
 14421 | IceCv    | Killed a death yak
 14428 | IceCv    | Killed a death yak
 14429 | IceCv    | Reached skill level 5 in Fighting
 14748 | Lair:2   | Reached XP level 13. HP: 52/91 MP: 13/13
 15632 | Lair:3   | Received a gift from Trog
 15864 | Lair:3   | Reached skill level 17 in Axes
 16221 | Lair:3   | You fall into a shaft and drop 1 floor!
 16371 | Lair:4   | Found a staircase to the Snake Pit.
 17608 | Lair:4   | Noticed a dire elephant
 17630 | Lair:4   | Found a runed translucent door.
 17748 | Lair:4   | Found a staircase to the Swamp.
 18336 | Lair:5   | Found a snail-covered altar of Cheibriados.
 18405 | Lair:5   | Acquired 884 gold pieces
 18417 | Lair:5   | Noticed Sonja
 18700 | Lair:5   | Killed Sonja
 19552 | Lair:6   | Entered Level 6 of the Lair of Beasts
 19560 | Lair:6   | Gained mutation: A powerful demonic guardian rushes to your
                  | aid. [demonic ancestry]
 19560 | Lair:6   | Reached XP level 14. HP: 75/108 MP: 14/14
 20019 | Lair:6   | Reached skill level 10 in Fighting
 20027 | Lair:6   | Received a gift from Trog
 20227 | Lair:6   | Reached skill level 18 in Axes
 20524 | Lair:6   | Found a staircase to the Slime Pits.
 20666 | Lair:6   | Found the +4 dagger "Morg" {pain, Will+ Int+5}
 20738 | Lair:6   | Found a runed translucent door.
 20738 | Lair:6   | Found a shimmering altar of Xom.
 20738 | Lair:6   | Noticed Gutyqen's ghost (journeyman TeMo)
 21178 | Lair:6   | Killed Gutyqen's ghost
 22162 | D:9      | Killed chujev's ghost
 22174 | D:9      | Got the Volume of Confrontation and Snow
 22238 | D:10     | Entered Level 10 of the Dungeon
 22906 | D:11     | Acquired the +6 battleaxe of Tortfeasance {flame, rCorr
                  | Int+3}
 22986 | D:11     | Found a large runed translucent door.
 22986 | D:11     | Found a large runed translucent door.
 23109 | D:11     | Noticed Urug
 23110 | D:11     | Noticed Psyche
 23121 | D:11     | Killed Urug
 23123 | D:11     | Killed Psyche
 23128 | D:11     | Noticed Fannar
 23139 | D:11     | Killed Fannar
 23140 | D:11     | Gained mutation: You have sharp fingernails. [demonic
                  | ancestry]
 23140 | D:11     | Reached XP level 15. HP: 64/120 MP: 15/15
 23360 | D:11     | Found Jahoitir's Magic Scroll Emporium.
 23375 | D:11     | Bought a scroll of blinking for 97 gold pieces
 23401 | D:11     | Noticed Alannah's ghost (journeyman DsFi)
 23676 | D:11     | Killed Alannah's ghost
 24217 | D:12     | Found Baekk's Distillery.
 24224 | D:12     | Found Safinef's Antique Weapon Shop.
 24366 | D:12     | Found a shadowy altar of Dithmenos.
 24819 | Orc:1    | Entered Level 1 of the Orcish Mines
 24973 | Orc:2    | Entered Level 2 of the Orcish Mines
 24984 | Orc:2    | Received a gift from Trog
 25992 | Orc:2    | Found Vucwariff's General Store.
 26131 | Orc:2    | Bought a scroll of enchant armour for 90 gold pieces
 26138 | Orc:2    | Found Laotewk's Magic Scroll Shop.
 26216 | Orc:2    | Bought a scroll of acquirement for 780 gold pieces
 26216 | Orc:2    | Acquired a manual of Fighting
 26637 | Orc:2    | Reached skill level 19 in Axes
 26791 | Orc:2    | Noticed an orc warlord
 26807 | Orc:2    | Killed an orc warlord
 26827 | Orc:2    | Received a gift from Trog
 27157 | Orc:2    | Found Xiujix's Assorted Antiques.
 27491 | Orc:2    | Found Patzemafo's Book Emporium.
 27796 | Orc:2    | Found a staircase to the Elven Halls.
 28104 | Orc:1    | Received a gift from Trog
 28355 | Orc:1    | Noticed an orc warlord
 28364 | Orc:1    | Killed an orc warlord
 29285 | D:13     | Noticed Kirke
 29297 | D:13     | Killed Kirke
 29381 | D:13     | Noticed Maurice
 29394 | D:13     | Killed Maurice
 29402 | D:13     | Reached ****** piety under Trog
 29850 | D:13     | Reached skill level 15 in Fighting
 30114 | D:13     | Reached XP level 16. HP: 136/136 MP: 16/16
 30218 | D:14     | Found a gate to the Vaults.
 30218 | D:14     | Noticed Nessos
 30222 | D:14     | Received a gift from Trog
 31018 | D:14     | Killed Nessos
 31258 | D:14     | Noticed Agnes
 31266 | D:14     | Killed Agnes
 31378 | D:14     | Found an opulent altar of Gozag.
 31921 | Snake:1  | Entered Level 1 of the Snake Pit
 32251 | Snake:1  | Reached skill level 20 in Axes
 32824 | Snake:1  | Found a runed translucent gate.
 32825 | Snake:1  | Found a runed translucent gate.
 32826 | Snake:1  | Found a runed translucent gate.
 32828 | Snake:1  | Noticed bignoob's ghost (journeyman DrCj)
 33204 | Snake:1  | Killed bignoob's ghost
 33210 | Snake:1  | Identified the ring "Hebehu" {*Slow Will+ rCorr Dex+8 SInv}
 34806 | Snake:3  | Received a gift from Trog
 35459 | Snake:3  | Noticed Vashnia
 35462 | Snake:3  | Gained mutation: You have very sharp fingernails. [demonic
                  | ancestry]
 35462 | Snake:3  | Reached XP level 17. HP: 136/147 MP: 17/17
 35488 | Snake:3  | Killed Vashnia
 36183 | Swamp:1  | Entered Level 1 of the Swamp
 36482 | Swamp:1  | Noticed Frances
 36505 | Swamp:1  | Killed Frances
 36730 | Swamp:1  | Noticed Josephine
 36736 | Swamp:1  | Killed Josephine
 36891 | Swamp:1  | Reached skill level 10 in Dodging
 36930 | Swamp:1  | Noticed Aizul
 36931 | Swamp:1  | Reached skill level 10 in Armour
 36940 | Swamp:1  | Killed Aizul
 37535 | Swamp:2  | Received a gift from Trog
 37870 | Swamp:2  | Acquired the +9 heavy crossbow "Sniper" {vorpal, Acc+∞
                  | SInv}
 37870 | Swamp:2  | Found the +9 heavy crossbow "Sniper" {vorpal, Acc+∞ SInv}
 38224 | Swamp:3  | Noticed Mara
 38227 | Swamp:3  | Noticed Kinoniko's illusion
 38254 | Swamp:3  | Demolished by Kinoniko's illusion (illusionary)

Illustrated notes

Levels and vault maps discovered:
D:1:      doesnt_arrival_eight_statues, layout_basic
D:2:      layout_rooms, shapermc_ecumenical_altar_rom_forum,
          minmay_misc_feat_more_columns, uniq_crazy_yiuf_cottage
D:3:      layout_loops_ring, cheibrodos_sewer_entry_bend, minmay_distorted
D:4:      layout_loops_ring, uniq_menkaure
D:5:      layout_loops_cross, minmay_chambers_of_fives
D:6:      layout_cave_pools, nicolae_overflow_crystal_walls, uniq_grinder
D:7:      layout_rooms, lemuel_tele_altar, minitemple,
          minmay_temple_entry_overgrown, uniq_harold
D:8:      layout_basic, hangedman_decor_peaks_small, kennysheep_donut,
          corexii_checkpoint_b
D:9:      layout_roguey, mainiacjoe_overflow_alcove_1,
          due_lair_maze_entry_diamond, erik_orc_4, ebering_ghost_disaster_area
D:10:     layout_small_grid, hangedman_misty_isle
D:11:     layout_cave_pools, serial_shops, nicolae_lakefront_shop,
          ebering_ghost_disaster_area, minmay_misc_feat_chi, uniq_psyche,
          uniq_urug, uniq_fannar
D:12:     layout_basic, serial_shops, shop, nicolae_shop_overgrown_old_shop,
          grunt_dithmenos_shadows
D:13:     layout_loops_ring, uniq_kirke, uniq_maurice
D:14:     layout_cave_pools, david_vaults_3, grunt_gozag_statues, uniq_agnes
Lair:1:   layout_small_grid, grunt_megastairs_1
Lair:2:   layout_loops_ring, portal_ice_cave_entry_imps
Lair:3:   layout_regular_city, beast_lair_carwin_4, lemuel_fruit_tree
Lair:4:   gammafunk_lair_enchanted_lake, layout_misc_corridors,
          minmay_swamp_entry_swarm, guppyfry_snake_entry_garden,
          serial_bayou_lake_a, uniq_nessos
Lair:5:   layout_cave_pods, kennysheep_snail_temple, uniq_sonja
Lair:6:   minmay_lair_end_frog_pond, layout_cave_pods,
          nicolae_slime_entry_slimehenge, ebering_ghost_xom
Swamp:1:  layout_basic_swamp, nicolae_swamp_small_spring, swamp_pool1,
          uniq_frances, uniq_josephine, uniq_aizul
Swamp:2:  layout_basic_swamp, evilmike_swamp_ruin_house_3, swamp_pool5,
          infiniplex_staircase_pool_2
Swamp:3:  layout_basic_swamp, nicolae_swamp_long_stream, uniq_louise, uniq_mara
Snake:1:  layout_grid_maze, gammafunk_ghost_necromancy
Snake:2:  layout_onion_interference, serial_bayou_pond_c, grunt_megastairs_2
Snake:3:  layout_onion_interference, uniq_vashnia
Orc:1:    orc_temple, layout_caves
Orc:2:    pubby_orc_utopia

Skill      XL: |  1  2  3  4  5  6  7  8  9 10 11 12 13 14 15 16 17 |
---------------+----------------------------------------------------+-----
Axes           | 3 4 5 6 7 10 11 13 14 15 16 17 18 19 20 | 20.5
Armour         | 3 5 7 8 9 10 | 10.3
Dodging        | 3 5 7 8 9 10 | 10.3
Fighting       | 5 9 12 15 17 | 17.0

Action                   |  1- 3 |  4- 6 |  7- 9 | 10-12 | 13-15 | 16-18 || total
-------------------------+-------+-------+-------+-------+-------+-------++-------
Melee: Hand axe          |   132 |   130 |   169 |    42 |       |       ||   473
       Broad axe         |       |       |       |   338 |   272 |    70 ||   680
       War axe           |       |       |       |    11 |       |       ||    11
       Battleaxe         |       |       |       |       |   449 |   288 ||   737
       Executioner's axe |       |       |       |       |   179 |   132 ||   311
Invok: Berserk           |     2 |     6 |     9 |    14 |    37 |    12 ||    80
       Trog's Hand       |       |       |     1 |       |       |     1 ||     2
       Brothers in Arms  |       |       |       |       |     6 |     1 ||     7
  Use: Scroll            |       |       |     7 |    10 |    12 |    12 ||    41
       Potion            |       |       |     1 |     3 |     1 |     1 ||     6
 Stab: Sleeping          |     2 |       |       |       |       |       ||     2
       Distracted        |       |       |       |     2 |       |     6 ||     8
       Confused          |       |       |       |       |       |     1 ||     1
Armor: Animal skin       |    27 |       |       |       |       |       ||    27
       Ring mail         |    10 |    37 |       |       |       |       ||    47
       Scale mail        |       |     8 |    49 |     1 |       |       ||    58
       Plate armour      |       |       |       |   151 |       |       ||   151
       Chain mail        |       |       |       |     2 |   354 |   210 ||   566
Dodge: Dodged            |    84 |    80 |    80 |   242 |   636 |   341 ||  1463
